[Event "Titled Tuesday Blitz November 2 2021"]
[White "Klyashtorny, Vladislav"]
[Black "Fawzy, Adham"]
[WhiteFideId "4170938"]
[BlackFideId "10613129"]
[WhiteElo "2396"]
[BlackElo "2504"]
[Result "1-0"]
[Round "03"]
[TimeControl "180+1"]
[Date "2021.11.02"]
[WhiteClock "0:00:21"]
[BlackClock "0:00:19"]

1. e4 c5 2. Nf3 Nc6 3. c3 Nf6 4. Qc2 e5 5. Bc4 d6 6. a4 Be6 7. d3 d5 8. exd5 Nxd5 9. O-O f6 10. d4 cxd4 11. cxd4 Ndb4 12. Qb3 Bxc4 13. Qxc4 Nxd4 14. Nxd4 Qxd4 15. Qe6+ Be7 16. Nc3 Qd7 17. Qb3 O-O-O 18. Be3 Kb8 19. a5 Rc8 20. Rfd1 Qc6 21. h3 Qc4 22. Qa4 Rhd8 23. Rd7 Bf8 24. Rad1 Rxd7 25. Qxd7 Nc6 26. Ra1 Rd8 27. Qf5 Qd3 28. Qe6 Qd7 29. Qc4 Nd4 30. a6 Rc8 31. Qf1 b6 32. Rd1 Bc5 33. Ne4 Qd5 34. Nxc5 Qxc5 35. f4 Rd8 36. fxe5 fxe5 37. Kh1 Qd5 38. b4 Qe4 39. Bxd4 exd4 40. Qf7 d3 41. Kh2 Qe5+ 42. Kg1 Qd5 43. Qe7 d2 44. Rxd2 Rd7 45. Qe8+ Rd8 46. Qxd8+ Qxd8 47. Rxd8+ Kc7 48. Rg8 b5 49. Rxg7+ Kb6 50. Rxh7 Kxa6 51. Rh6+ Kb7 52. Rf6 a5 53. bxa5 b4 54. Rf4 Ka7 55. Rxb4 Ka6 56. Rb1 Ka7 57. Rf1 Ka6 58. h4 Ka7 59. h5 Ka6 60. h6 Kb5 61. h7 Ka6 62. h8=Q Ka7 63. Qg7+ Ka6 64. Qg5 Ka7 65. Rf6 Kb7 66. Qg7+ Kc8 67. Rf8# 1-0


[Site "https://www.chess.com"]

[Event "Titled Tuesday Blitz November 2 2021"]
[White "Kozionov, Kirill"]
[Black "Le, Tuan Minh"]
[WhiteFideId "24101729"]
[BlackFideId "12401153"]
[WhiteElo "2426"]
[BlackElo "2450"]
[Result "0-1"]
[Round "03"]
[TimeControl "180+1"]
[Date "2021.11.02"]
[WhiteClock "0:00:01"]
[BlackClock "0:00:08"]

1. b3 d5 2. Bb2 Nf6 3. Nf3 Bg4 4. e3 e6 5. h3 Bh5 6. d3 Bd6 7. Nbd2 Nbd7 8. g4 Bg6 9. Nh4 e5 10. Bg2 c6 11. O-O Ng8 12. Nxg6 hxg6 13. c4 Ne7 14. a3 O-O 15. cxd5 cxd5 16. b4 a5 17. Qb3 a4 18. Qa2 Nb6 19. Rac1 Qd7 20. Nf3 f6 21. Rc2 Kh7 22. Rfc1 Rac8 23. Qb1 Rxc2 24. Rxc2 Rc8 25. Nd2 Rc6 26. Qc1 Qe6 27. Rxc6 Nxc6 28. Qd1 Na7 29. Nb1 Nb5 30. Nc3 Nxc3 31. Bxc3 Qc8 32. Bb2 Qc6 33. h4 Kh8 34. h5 g5 35. Kf1 Qc8 36. Bf3 Kh7 37. Kg2 Kh8 38. Kg1 Qc6 39. Kg2 Nc8 40. Kh3 b5 41. Kg2 Bc7 42. Kf1 Ne7 43. Ke2 e4 44. Bg2 Bb6 45. Kf1 Qe6 46. Bh3 Nc8 47. Qc2 exd3 48. Qxd3 Nd6 49. Bg2 Ne4 50. Bxe4 dxe4 51. Qxb5 Kh7 52. Qf5+ Qxf5 53. gxf5 Kh6 54. Bd4 Bc7 55. b5 Bb8 56. Kg2 g4 57. b6 Kxh5 58. Bc5 Kg5 59. Be7 Kxf5 60. Bd8 Ke6 0-1


[Site "https://www.chess.com"]

[Event "Titled Tuesday Blitz November 2 2021"]
[White "Matinian, Nikita"]
[Black "Bortnyk, Olexandr"]
[WhiteFideId "24129100"]
[BlackFideId "14120828"]
[WhiteElo "2464"]
[BlackElo "2723"]
[Result "1-0"]
[Round "03"]
[TimeControl "180+1"]
[Date "2021.11.02"]
[WhiteClock "0:01:26"]
[BlackClock "0:01:46"]

1. e4 g6 2. d4 Bg7 3. Nc3 a6 4. g4 b5 5. Bg2 Bb7 6. h4 h5 7. gxh5 gxh5 8. Nh3 d6 9. Rg1 b4 10. Nd5 Bxd5 11. exd5 Nf6 12. Bf3 Bh6 13. Bxh6 Rxh6 14. Qd2 Rh8 15. Qxb4 Nbd7 16. b3 Rb8 17. Qd2 Nb6 18. c4 Qd7 19. Ng5 Qf5 20. Qe3 Rg8 21. Kf1 Kf8 22. Re1 Re8 23. Ne6+ fxe6 24. Qh6+ Kf7 25. dxe6+ Qxe6 26. Bxh5+ Nxh5 1-0


[Site "https://www.chess.com"]

[Event "Titled Tuesday Blitz November 2 2021"]
[White "Nakamura, Hikaru"]
[Black "Postny, Evgeny"]
[WhiteFideId "2016192"]
[BlackFideId "2804344"]
[WhiteElo "2884"]
[BlackElo "2521"]
[Result "1-0"]
[Round "03"]
[TimeControl "180+1"]
[Date "2021.11.02"]
[WhiteClock "0:01:11"]
[BlackClock "0:00:02"]

1. Nf3 d5 2. e3 c5 3. b3 Nf6 4. Bb2 e6 5. d4 Nc6 6. Bd3 Bd6 7. O-O Qe7 8. Re1 e5 9. e4 dxe4 10. dxe5 Nxe5 11. Bxe4 Nxe4 12. Rxe4 Nxf3+ 13. Qxf3 Be6 14. Bxg7 Rg8 15. Bf6 Qd7 16. Nc3 Be7 17. Bxe7 Kxe7 18. Rd1 Qc6 19. Nd5+ Kf8 20. Nf6 Rg7 21. Qf4 c4 22. g3 cxb3 23. cxb3 Rc8 24. Red4 Rg6 25. Rd8+ Ke7 26. Ng8+ Rxg8 27. Qh4+ f6 28. Qxh7+ Bf7 29. R8d7+ Qxd7 30. Rxd7+ Kxd7 31. Qxf7+ Kc6 32. Qxf6+ Kc5 33. h4 Rcf8 34. Qe7+ Kd4 35. Qxb7 1-0


[Site "https://www.chess.com"]

[Event "Titled Tuesday Blitz November 2 2021"]
[White "Narayanan.S.L"]
[Black "Kalashian, David"]
[WhiteFideId "5058422"]
[BlackFideId "13302418"]
[WhiteElo "2570"]
[BlackElo "2490"]
[Result "1-0"]
[Round "03"]
[TimeControl "180+1"]
[Date "2021.11.02"]
[WhiteClock "0:01:10"]
[BlackClock "0:00:03"]

1. b3 Nf6 2. Bb2 g6 3. Bxf6 exf6 4. c4 d5 5. cxd5 Qxd5 6. Nc3 Qa5 7. h4 h5 8. g3 Bd7 9. Bg2 Bc6 10. Nf3 Nd7 11. a3 O-O-O 12. b4 Qb6 13. O-O Ne5 14. Nxe5 fxe5 15. Na4 Qa6 16. Bxc6 Qxc6 17. Rc1 Qd7 18. Nc5 Bxc5 19. Rxc5 g5 20. Qc2 gxh4 21. Rc1 c6 22. b5 Qh3 23. bxc6 b6 24. Qc4 hxg3 25. Qa6+ Kc7 26. Qb7+ Kd6 27. Rd5+ Ke6 28. Rxe5+ Kxe5 29. Qe7+ Qe6 30. f4+ Kxf4 31. Rf1+ Kg4 32. Qb4+ Kh3 33. Rf4 Qe7 34. Qxe7 1-0


[Site "https://www.chess.com"]

[Event "Titled Tuesday Blitz November 2 2021"]
[White "Nastore, Pavel-Alexandru"]
[Black "Lazavik, Denis"]
[WhiteFideId "1255002"]
[BlackFideId "13515110"]
[WhiteElo "1763"]
[BlackElo "2436"]
[Result "0-1"]
[Round "03"]
[TimeControl "180+1"]
[Date "2021.11.02"]
[WhiteClock "0:00:02"]
[BlackClock "0:00:52"]

1. e4 c5 2. Nf3 e6 3. d4 cxd4 4. Nxd4 Nc6 5. c4 Qb6 6. Nb3 Nf6 7. f3 Bb4+ 8. Nc3 O-O 9. Qd3 d5 10. cxd5 exd5 11. Be3 dxe4 12. fxe4 Qc7 13. O-O-O Be6 14. Kb1 Rfd8 15. Qc2 Bxc3 16. Rxd8+ Rxd8 17. bxc3 Na5 18. Bd4 Nd7 19. Be2 Nxb3 20. axb3 Nc5 21. b4 Nb3 22. Be3 a5 23. Rd1 Ra8 24. b5 a4 25. b6 Qxh2 26. Qd3 h6 27. Qd6 Qxg2 28. Bb5 a3 0-1


[Site "https://www.chess.com"]

[Event "Titled Tuesday Blitz November 2 2021"]
[White "Nyudleev, Dolgan"]
[Black "Ingebretsen, Jens E"]
[WhiteFideId "4198360"]
[BlackFideId "1522965"]
[WhiteElo "2354"]
[BlackElo "2072"]
[Result "1-0"]
[Round "03"]
[TimeControl "180+1"]
[Date "2021.11.02"]
[WhiteClock "0:00:27"]
[BlackClock "0:00:04"]

1. e4 e5 2. Nf3 Nc6 3. Bb5 a6 4. Ba4 Nf6 5. O-O b5 6. Bb3 Bc5 7. d3 d6 8. h3 O-O 9. Nc3 h6 10. Be3 Qe7 11. Nd5 Nxd5 12. Bxd5 Bb7 13. c3 Bxe3 14. fxe3 Nd8 15. Bb3 c5 16. Qe1 Ne6 17. Nh4 g6 18. Qg3 Kh7 19. Rf2 Qg5 20. Qxg5 hxg5 21. Bxe6 fxe6 22. Nf3 Kh6 23. Raf1 c4 24. dxc4 Bxe4 25. Nxe5 Rxf2 26. Ng4+ Kg7 27. Nxf2 d5 28. c5 a5 29. Nxe4 dxe4 30. Rd1 b4 31. cxb4 axb4 32. Rd4 Rxa2 33. Rxb4 Ra1+ 34. Kh2 Rc1 35. Rb5 Kf6 36. b4 Rc3 37. Kg1 Rxe3 38. c6 Rc3 39. Rc5 Rxc5 40. bxc5 Ke7 41. Kf2 Kd8 42. Ke3 Kc7 43. Kxe4 Kxc6 44. Ke5 Kxc5 45. Kxe6 Kd4 46. Kf6 g4 47. hxg4 Ke4 48. Kxg6 Kf4 49. g5 1-0


[Site "https://www.chess.com"]

[Event "Titled Tuesday Blitz November 2 2021"]
[White "Ozen, Bahadir"]
[Black "Guseva, Marina"]
[WhiteFideId "6337058"]
[BlackFideId "4149351"]
[WhiteElo "2503"]
[BlackElo "2279"]
[Result "1-0"]
[Round "03"]
[TimeControl "180+1"]
[Date "2021.11.02"]
[WhiteClock "0:00:55"]
[BlackClock "0:00:04"]

1. Nf3 Nf6 2. e3 d5 3. c4 c6 4. Nc3 e6 5. b3 Bd6 6. Bb2 O-O 7. Rc1 a6 8. d4 b5 9. Bd3 bxc4 10. bxc4 a5 11. O-O Ba6 12. Qe2 Nbd7 13. cxd5 Bxd3 14. Qxd3 cxd5 15. Nb5 Bb4 16. Rc6 Ne4 17. a3 Be7 18. Rfc1 Rb8 19. Bc3 a4 20. Be1 Rb6 21. Rc7 Ra6 22. h3 Ra8 23. R7c6 Qb8 24. Rb1 Qe8 25. Nc7 Qc8 26. Rbc1 Qd8 27. Nxa8 Qxa8 28. Rc7 Rd8 29. Qb5 Nf8 30. Rxe7 Nd6 31. Qd3 Nc4 32. Rc7 1-0


[Site "https://www.chess.com"]

[Event "Titled Tuesday Blitz November 2 2021"]
[White "Perez Gormaz, Matias"]
[Black "Siva Mahadevan"]
[WhiteFideId "3406342"]
[BlackFideId "25043153"]
[WhiteElo "2352"]
[BlackElo "2203"]
[Result "1-0"]
[Round "03"]
[TimeControl "180+1"]
[Date "2021.11.02"]
[WhiteClock "0:00:05"]
[BlackClock "0:01:28"]

1. e4 c5 2. Nf3 Nc6 3. Bb5 Na5 4. Be2 a6 5. O-O b5 6. d4 cxd4 7. Nxd4 Bb7 8. Nc3 b4 9. Nd5 e6 10. Ne3 Bxe4 11. Re1 Nf6 12. a3 bxa3 13. b3 Nc6 14. Nf3 Bb4 15. Bd2 a5 16. Nc4 O-O 17. Nxa3 d5 18. Nb5 Qb6 19. c4 dxc4 20. Bxc4 Rfd8 21. Ra2 Bxf3 22. gxf3 Nd4 23. Nxd4 Qxd4 24. Re2 Rd6 25. Qe1 Bxd2 26. Rexd2 Qc3 27. Qe3 Qc1+ 28. Kg2 Rxd2 29. Rxd2 Qa3 30. Qb6 h6 31. Rd8+ Rxd8 32. Qxd8+ Kh7 33. Bd3+ g6 34. Qxf6 Kg8 35. Bxg6 fxg6 36. Qxg6+ Kf8 37. Qf6+ Kg8 38. Qxe6+ Kg7 39. f4 Qb4 40. Qd7+ Kf6 41. Qc6+ Kg7 42. Qd7+ Kf6 43. Qc6+ Kg7 44. Qf3 Kf6 45. Kg3 Qd4 46. Qc6+ Kg7 47. Qc7+ Kg6 48. Qxa5 Qd3+ 49. f3 Qxb3 50. Qa6+ Kg7 51. Qe2 Qb6 52. Qe5+ Kg6 53. Kg2 Qa6 54. f5+ Kf7 55. Qe6+ Qxe6 56. fxe6+ Kxe6 57. Kg3 Kf5 58. h3 Kg5 59. h4+ Kf5 60. f4 Kg6 61. Kg4 Kf6 62. Kh5 Kg7 63. Kg4 Kg6 64. f5+ Kf6 65. Kf4 Kf7 66. Ke5 Ke7 67. Ke4 Kf6 68. Kf4 Kf7 69. Ke5 Ke7 70. f6+ Kf7 71. Kf5 Kf8 72. Kg6 Kg8 73. Kxh6 1-0


[Site "https://www.chess.com"]

[Event "Titled Tuesday Blitz November 2 2021"]
[White "Pichot, Alan"]
[Black "Perera Alfonso, Rene Humberto"]
[WhiteFideId "110973"]
[BlackFideId "3514722"]
[WhiteElo "2600"]
[BlackElo "2313"]
[Result "1/2-1/2"]
[Round "03"]
[TimeControl "180+1"]
[Date "2021.11.02"]
[WhiteClock "0:00:26"]
[BlackClock "0:00:09"]

1. e4 c5 2. Nf3 d6 3. d4 cxd4 4. Nxd4 Nf6 5. Nc3 g6 6. Be3 a6 7. f3 e5 8. Nb3 h5 9. Qd2 Be6 10. O-O-O Nbd7 11. g3 Rc8 12. h4 b5 13. Bh3 Bxh3 14. Rxh3 Qc7 15. Kb1 b4 16. Nd5 Nxd5 17. exd5 a5 18. Nc1 Be7 19. Ne2 Nf6 20. c3 Qc4 21. cxb4 Qxb4 22. Qxb4 axb4 23. Rh2 Kd7 24. Nc1 e4 25. Rf2 Rc4 26. Nb3 exf3 27. Rxf3 Rhc8 28. Bd4 Nxd5 29. Rxf7 Rf8 30. Rxf8 Bxf8 31. Rc1 Rxc1+ 32. Kxc1 Bh6+ 33. Kc2 g5 34. hxg5 Bxg5 35. Kd3 h4 36. gxh4 Bxh4 37. Kc4 Ke6 38. Na5 Be1 39. Nc6 Nf4 40. b3 d5+ 41. Kb5 Nd3 42. Be3 Kf5 43. Bh6 Ke4 44. Bf8 d4 45. Bg7 Nc1 46. Bxd4 Nxa2 47. Bc5 Kd5 48. Bxb4 Nxb4 49. Nxb4+ Kd6 50. Nc2 Bd2 51. Na3 Kc7 52. Nc4 Be1 53. Ne3 Bd2 54. Nd5+ Kb7 55. Nb6 Be1 56. Na4 Bd2 57. Nc5+ Kc7 58. Kc4 Kc6 59. Ne4 Be1 60. Ng5 Kb6 61. Nf3 Ba5 62. Nd4 Be1 63. Nb5 Bd2 64. Na3 Be1 65. Nc2 Bd2 66. Nd4 Be1 67. Nf3 Ba5 68. Ne5 Be1 69. Nd3 Bd2 70. Nb4 Be1 71. Nc2 Ba5 1/2-1/2


[Site "https://www.chess.com"]

[Event "Titled Tuesday Blitz November 2 2021"]
[White "Pridorozhni, Aleksei"]
[Black "King, Alexander"]
[WhiteFideId "4127870"]
[BlackFideId "2063620"]
[WhiteElo "2565"]
[BlackElo "2306"]
[Result "0-1"]
[Round "03"]
[TimeControl "180+1"]
[Date "2021.11.02"]
[WhiteClock "0:00:30"]
[BlackClock "0:00:12"]

1. e4 e5 2. f4 exf4 3. Bc4 Qh4+ 4. Kf1 d6 5. Nf3 Qh6 6. d4 Be6 7. d5 Bg4 8. Nc3 a6 9. Ne2 g5 10. h4 f6 11. Kf2 Qg7 12. Bd2 Nd7 13. hxg5 fxg5 14. Bc3 Ne5 15. Qd4 Bxf3 16. gxf3 Be7 17. Rag1 Bf6 18. Nxf4 Ng4+ 19. Ke2 Bxd4 20. Ne6 Bxc3 21. Nxg7+ Bxg7 22. Rxg4 h6 23. Rgg1 Nf6 24. c3 Nd7 25. Ke3 Ne5 26. Be2 O-O 27. Rh3 Rf4 28. b4 a5 29. a3 axb4 30. axb4 Ra3 31. Rc1 Ng6 32. Kd2 Rf8 33. Bc4 Ne5 34. Be2 Ra2+ 35. Ke3 Rfa8 36. Bf1 Ng6 37. Rh1 Nf4 38. Bc4 Rg2 39. e5 Bxe5 40. Rxh6 Bg7 41. Re6 Nxe6 42. dxe6 Kf8 43. Rh1 c6 44. Bd3 Ke7 45. Rh7 Kf6 46. Be4 Re8 47. f4 gxf4+ 48. Kf3 Rg5 49. Kxf4 Rxe6 50. Rh1 Rg4+ 51. Kxg4 Rxe4+ 52. Kf3 Rc4 53. Rf1 Rxc3+ 54. Ke4+ Ke6 55. b5 Be5 56. bxc6 d5# 0-1


[Site "https://www.chess.com"]

[Event "Titled Tuesday Blitz November 2 2021"]
[White "Rangel, Daniel"]
[Black "Karolczuk, Iwo"]
[WhiteFideId "2124475"]
[BlackFideId "21816972"]
[WhiteElo "2187"]
[BlackElo "2093"]
[Result "0-1"]
[Round "03"]
[TimeControl "180+1"]
[Date "2021.11.02"]
[WhiteClock "0:00:06"]
[BlackClock "0:00:04"]

1. c4 Nf6 2. g3 g6 3. Bg2 Bg7 4. Nc3 O-O 5. d3 d6 6. e4 c5 7. Nge2 Nc6 8. O-O Ne8 9. Be3 Nd4 10. h3 Nc7 11. f4 Rb8 12. a4 a6 13. a5 b5 14. axb6 Rxb6 15. Ra2 Bd7 16. g4 Qb8 17. Qd2 e6 18. f5 Be5 19. Rf2 Bc6 20. Bh6 Re8 21. Qg5 Qd8 22. f6 Nxe2+ 23. Nxe2 Rxb2 24. Rxb2 Bxb2 25. Bg7 e5 26. Qh6 Ne6 27. Rf5 Bd4+ 28. Kh2 a5 29. Ng3 a4 30. h4 a3 31. h5 Qd7 32. hxg6 fxg6 33. f7+ Qxf7 34. Rxf7 Kxf7 35. Qxh7 Nxg7 36. Nf5 gxf5 37. exf5 a2 38. Qg6+ Ke7 39. Qxg7+ Kd8 40. Bxc6 Re7 41. Qf8+ Kc7 42. Qxe7+ Kxc6 43. Qe8+ Kc7 44. Qe7+ Kc6 45. Qe8+ Kc7 46. Qa4 a1=Q 47. Qxa1 Bxa1 48. g5 Kd7 49. Kg3 Ke7 50. Kf3 Bb2 51. Ke4 Bc1 52. g6 Kf6 53. Kd5 Bh6 54. Kxd6 Bf8+ 55. Kd7 Kxf5 56. Ke8 Bh6 57. Kf7 e4 58. dxe4+ Kxe4 59. Ke6 Kd4 60. Kf5 Kxc4 61. Kg4 Kd3 62. Kh5 Bg7 63. Kg5 Ke4 64. Kh5 c4 0-1


[Site "https://www.chess.com"]

[Event "Titled Tuesday Blitz November 2 2021"]
[White "Rasulov, Vugar"]
[Black "Petesch, Gabriel"]
[WhiteFideId "13402390"]
[BlackFideId "2032465"]
[WhiteElo "2560"]
[BlackElo "2374"]
[Result "1-0"]
[Round "03"]
[TimeControl "180+1"]
[Date "2021.11.02"]
[WhiteClock "0:00:11"]
[BlackClock "0:00:03"]

1. d4 Nf6 2. c4 e6 3. Nf3 Bb4+ 4. Nbd2 d5 5. e3 O-O 6. Be2 b6 7. O-O Bb7 8. Ne5 Nbd7 9. Ndf3 Bd6 10. b3 Ne4 11. Bb2 Qe7 12. Qc2 c5 13. Nxd7 Qxd7 14. dxc5 Bxc5 15. Rad1 Qe7 16. Ne5 Rac8 17. Bf3 Ng5 18. Be2 dxc4 19. bxc4 Rfd8 20. Qa4 a6 21. Ba1 Ne4 22. Qc2 f5 23. Bf3 Bd6 24. Rd3 Qc7 25. Rfd1 Bxe5 26. Bxe5 Qe7 27. Rd4 Rxd4 28. Rxd4 Qc5 29. Bg3 b5 30. Qb2 Bc6 31. Bxe4 fxe4 32. h4 bxc4 33. Qc3 Bd5 34. Rd2 Qe7 35. Be5 Qa7 36. Rb2 a5 37. a4 Re8 38. g3 Qf7 39. Kh2 Rf8 40. Kg1 h5 41. Qxa5 Qg6 42. Qc3 Rf7 43. a5 Kh7 44. a6 Ra7 45. Ra2 Qf7 46. Bd4 Ra8 47. a7 Qd7 48. Ra1 e5 49. Bc5 Qc7 50. Ra5 Kg6 51. Qa3 Kf5 52. Bd6 Qc6 53. Bb8 c3 54. Qf8+ Kg6 55. Rc5 c2 56. Rxc6+ Bxc6 57. Qd6+ Kh7 58. Qxc6 1-0


[Site "https://www.chess.com"]

[Event "Titled Tuesday Blitz November 2 2021"]
[White "Rostovtsev, Dmitry"]
[Black "Dilmukhametov, Artur"]
[WhiteFideId "34278320"]
[BlackFideId "24179922"]
[WhiteElo "2294"]
[BlackElo "2272"]
[Result "0-1"]
[Round "03"]
[TimeControl "180+1"]
[Date "2021.11.02"]
[WhiteClock "0:00:03"]
[BlackClock "0:00:45"]

1. e4 e6 2. d4 d5 3. Nd2 Nf6 4. e5 Nfd7 5. f4 c5 6. c3 Nc6 7. Ndf3 f5 8. Bd3 Be7 9. Ne2 h5 10. Be3 g6 11. c4 cxd4 12. Nexd4 Nc5 13. O-O Nxd3 14. Qxd3 Nb4 15. Qb3 dxc4 16. Qxc4 Nd5 17. Bf2 Bd7 18. Nb5 Bxb5 19. Qxb5+ Qd7 20. Qxd7+ Kxd7 21. g3 Rac8 22. Rac1 Rxc1 23. Rxc1 Rc8 24. Rxc8 Kxc8 25. a3 a6 26. Kf1 Kd7 27. Ke2 Kc6 28. Kd3 Bd8 29. Nd4+ Kd7 30. Nb3 b6 31. Nd2 Bc7 32. Nc4 Kc6 33. Nd2 Bd8 34. b4 Kb5 35. Kc2 Kc6 36. Kb3 b5 37. Nf3 Bb6 38. Bxb6 Nxb6 39. Kc3 Kd5 40. Nh4 Nc4 41. Kb3 Nd2+ 42. Kc2 Nf1 43. Nxg6 Nxh2 44. Ne7+ Ke4 45. Nc6 Nf1 46. Nb8 Nxg3 47. Nxa6 h4 48. a4 h3 49. Nc5+ Kd5 50. Nd3 h2 51. Nf2 bxa4 52. Kb2 Kc4 53. Ka3 Kb5 0-1


[Site "https://www.chess.com"]

[Event "Titled Tuesday Blitz November 2 2021"]
[White "Rozman, Levy"]
[Black "Bluebaum, Matthias"]
[WhiteFideId "2039877"]
[BlackFideId "24651516"]
[WhiteElo "2376"]
[BlackElo "2681"]
[Result "0-1"]
[Round "03"]
[TimeControl "180+1"]
[Date "2021.11.02"]
[WhiteClock "0:00:01"]
[BlackClock "0:00:12"]

1. c4 e6 2. d4 d5 3. Nf3 Nf6 4. Nc3 Nbd7 5. e3 a6 6. b3 b6 7. Bb2 Bd6 8. Bd3 Bb7 9. O-O O-O 10. Rc1 Ne4 11. cxd5 exd5 12. Bxe4 dxe4 13. Nd2 f5 14. Nc4 Rf6 15. Nxd6 Rxd6 16. Ne2 Nf6 17. Ba3 Rd7 18. Nf4 Nd5 19. Nxd5 Bxd5 20. Qh5 Qf6 21. Qh3 Re8 22. Qg3 c6 23. Rc2 h6 24. h4 Kh7 25. Rfc1 g5 26. hxg5 hxg5 27. Kf1 Kg6 28. Ke2 Rh8 29. f4 exf3+ 30. gxf3 f4 31. exf4 Qxf4 32. Qxf4 gxf4 33. Rxc6+ Bxc6 34. Rxc6+ Kf5 35. Rxb6 Rxd4 36. Rxa6 Rh2+ 37. Ke1 Rxa2 38. Ra5+ Kg6 39. Bc5 Rxa5 40. Bxd4 Ra3 41. b4 Rxf3 42. b5 Rb3 43. b6 Kf5 44. Kd2 Ke4 45. Kc2 Rb5 46. Bg1 Rg5 47. Bf2 Kf3 48. Bd4 Ke4 49. Bf2 Kd5 50. Kd3 Rg7 51. Kd2 Rh7 52. Ke2 Ke4 53. Kd2 f3 54. Kc3 Rd7 55. Kc4 Rd2 56. b7 Rb2 0-1


[Site "https://www.chess.com"]

[Event "Titled Tuesday Blitz November 2 2021"]
[White "Sai Krishna G V"]
[Black "Martinez Alcantara, Jose Eduardo"]
[WhiteFideId "5028280"]
[BlackFideId "3805662"]
[WhiteElo "2359"]
[BlackElo "2690"]
[Result "0-1"]
[Round "03"]
[TimeControl "180+1"]
[Date "2021.11.02"]
[WhiteClock "0:00:22"]
[BlackClock "0:00:10"]

1. e4 c5 2. Nc3 d6 3. Nf3 a6 4. d4 cxd4 5. Nxd4 Nf6 6. Bg5 e6 7. f4 Be7 8. Qf3 Qc7 9. O-O-O Nbd7 10. g4 h6 11. Bxf6 Bxf6 12. h4 Qb6 13. Nce2 Be7 14. g5 Nf8 15. f5 hxg5 16. fxe6 Bxe6 17. Nf5 Bxf5 18. Qxf5 g6 19. Qf3 Ne6 20. Nc3 Qa5 21. e5 Qxe5 22. Qxb7 Qe3+ 23. Kb1 Qa7 24. Qc6+ Kf8 25. hxg5 Rxh1 26. Qxh1 Kg8 27. Bc4 Bxg5 28. Bxe6 fxe6 29. Qe4 Bf6 30. Qxg6+ Qg7 31. Qe4 Re8 32. Rxd6 Bxc3 33. bxc3 Qg1+ 34. Kb2 Rb8+ 35. Ka3 Qc5+ 36. Ka4 Qb5+ 37. Ka3 Qa5+ 38. Qa4 Qxc3+ 39. Qb3 Rxb3+ 40. cxb3 Qc5+ 41. Ka4 Qxd6 42. b4 e5 43. a3 e4 44. Ka5 e3 45. a4 e2 46. b5 e1=Q# 0-1


[Site "https://www.chess.com"]

[Event "Titled Tuesday Blitz November 2 2021"]
[White "Sanal, Vahap"]
[Black "Petrovskyi, Vadym"]
[WhiteFideId "6300545"]
[BlackFideId "14165210"]
[WhiteElo "2492"]
[BlackElo "2334"]
[Result "1-0"]
[Round "03"]
[TimeControl "180+1"]
[Date "2021.11.02"]
[WhiteClock "0:00:59"]
[BlackClock "0:00:02"]

1. e4 c5 2. Nc3 Nc6 3. Bb5 Nd4 4. Nf3 e6 5. O-O a6 6. Bd3 b5 7. Nxd4 cxd4 8. Ne2 Qb6 9. c3 dxc3 10. dxc3 Nf6 11. a4 Bb7 12. axb5 axb5 13. Be3 Bc5 14. Bxc5 Qxc5 15. b4 Qb6 16. Rxa8+ Bxa8 17. Nd4 Bxe4 18. Bxe4 Nxe4 19. Qg4 Nxc3 20. Qg3 Qxd4 21. Qb8+ Ke7 22. Qxh8 Ne2+ 23. Kh1 Qd3 24. Ra1 Qc3 25. Qa8 Nc1 26. h3 Nd3 27. Rf1 Qxb4 28. Qf3 Qd4 29. Kg1 Ne5 30. Qg3 Nc6 31. Qg5+ Qf6 32. Qxb5 Qe5 33. Qd3 h6 34. Rd1 Qc7 35. Qa3+ Kf6 36. Rd3 Ne5 37. Rg3 g5 38. Qa1 Kg6 39. Rc3 Qd6 40. Rc8 f6 41. Qa8 Kf5 42. Rc1 Qd2 43. Rf1 Qd4 44. Qg8 Ng6 45. Qh7 Qd6 46. g4+ Kf4 47. Qxg6 Qd4 48. Qxh6 Kf3 49. Qg6 e5 50. Qf5+ Ke2 51. Qc2+ Kf3 52. Rd1 1-0


[Site "https://www.chess.com"]

[Event "Titled Tuesday Blitz November 2 2021"]
[White "Sliwicki, Damian"]
[Black "Aditya Mittal"]
[WhiteFideId "1127128"]
[BlackFideId "35042025"]
[WhiteElo "2151"]
[BlackElo "2245"]
[Result "0-1"]
[Round "03"]
[TimeControl "180+1"]
[Date "2021.11.02"]
[WhiteClock "0:00:13"]
[BlackClock "0:01:21"]

1. e4 c5 2. Nf3 d6 3. d4 cxd4 4. Qxd4 Nf6 5. Bg5 Nc6 6. Bb5 Bd7 7. Bxc6 Bxc6 8. Nc3 e6 9. O-O-O Be7 10. Rhe1 O-O 11. Kb1 Qa5 12. Qd2 Qa6 13. Nd4 Rac8 14. f4 h6 15. h4 Rfe8 16. Rh1 b5 17. Bxf6 Bxf6 18. g4 b4 19. Nce2 Bxe4 20. Rhg1 Bxd4 21. Nxd4 e5 22. fxe5 dxe5 23. Nf5 Rxc2 24. Qxc2 Bxc2+ 25. Kxc2 Qxa2 26. Nd6 Rd8 27. Rd3 b3+ 28. Kc3 Qa5+ 29. Kxb3 Qb6+ 30. Kc3 Qxg1 0-1


[Site "https://www.chess.com"]

[Event "Titled Tuesday Blitz November 2 2021"]
[White "Smirnov, Pavel"]
[Black "Pham, Le Thao Nguyen"]
[WhiteFideId "4123425"]
[BlackFideId "12401226"]
[WhiteElo "2571"]
[BlackElo "2286"]
[Result "1-0"]
[Round "03"]
[TimeControl "180+1"]
[Date "2021.11.02"]
[WhiteClock "0:00:44"]
[BlackClock "0:00:21"]

1. d4 d5 2. c4 c6 3. cxd5 cxd5 4. Bf4 Nc6 5. e3 Nf6 6. Nc3 a6 7. Be2 Bf5 8. Nf3 e6 9. Qb3 Ra7 10. Ne5 Nd7 11. Nxd7 Qxd7 12. O-O Be7 13. Na4 b5 14. Nc5 Bxc5 15. dxc5 e5 16. Bg3 O-O 17. Rfd1 Be6 18. a4 b4 19. a5 f6 20. Qa4 Qc8 21. Bf3 Rd8 22. Rd2 Rad7 23. Rad1 e4 24. Be2 d4 25. Bd6 d3 26. Bf1 Rxd6 27. cxd6 Rxd6 28. Rc1 Qb7 29. Rc5 h6 30. Qa1 Bb3 31. Qc1 Bc2 32. Rcxc2 dxc2 33. Rxd6 1-0


[Site "https://www.chess.com"]

[Event "Titled Tuesday Blitz November 2 2021"]
[White "Srebrnic, Marko"]
[Black "Cunjalo, Faris"]
[WhiteFideId "14603616"]
[BlackFideId "14410710"]
[WhiteElo "2340"]
[BlackElo "2234"]
[Result "0-1"]
[Round "03"]
[TimeControl "180+1"]
[Date "2021.11.02"]
[WhiteClock "0:00:06"]
[BlackClock "0:00:57"]

1. e4 g6 2. Nf3 Bg7 3. Nc3 d6 4. d3 Bg4 5. Be2 c5 6. O-O Nc6 7. a3 Bxf3 8. Bxf3 Nf6 9. Be3 O-O 10. Be2 Rb8 11. Qd2 b5 12. h3 Nd7 13. f4 Nd4 14. Rf2 a5 15. Raf1 b4 16. axb4 cxb4 17. Nd1 a4 18. f5 a3 19. bxa3 bxa3 20. c3 Nxe2+ 21. Rxe2 Qa5 22. Qa2 Nc5 23. Rd2 Nb3 24. Rc2 Qa6 25. Nf2 Nc5 26. Bxc5 dxc5 27. Ra1 Ra8 28. fxg6 hxg6 29. h4 Rfb8 30. h5 Rb2 31. hxg6 Rxa2 32. Rcxa2 Bxc3 33. Rc1 Bd4 34. gxf7+ Kxf7 0-1


[Site "https://www.chess.com"]

[Event "Titled Tuesday Blitz November 2 2021"]
[White "Sviridov, Valery"]
[Black "Shkapenko, Pavel"]
[WhiteFideId "4120680"]
[BlackFideId "4151933"]
[WhiteElo "2454"]
[BlackElo "2386"]
[Result "1-0"]
[Round "03"]
[TimeControl "180+1"]
[Date "2021.11.02"]
[WhiteClock "0:00:39"]
[BlackClock "0:00:11"]

1. Nf3 d5 2. g3 e6 3. Bg2 g6 4. O-O Bg7 5. d3 Ne7 6. e4 c5 7. Re1 Nbc6 8. Nbd2 O-O 9. Qe2 Qc7 10. Nf1 b5 11. e5 h6 12. h4 b4 13. Bf4 a5 14. N1h2 a4 15. Ng4 Kh7 16. Nf6+ Kh8 17. Qd2 h5 18. Bh6 Nf5 19. Bxg7+ Kxg7 20. Bh3 Ncd4 21. Nxd4 Nxd4 22. Bg2 Bb7 23. c3 Nf5 24. a3 b3 25. Qg5 Rh8 26. Rac1 Rac8 27. Bh3 Ne7 28. Kh2 Rcd8 29. d4 c4 30. Rg1 Nf5 31. Rcf1 Kf8 32. Bxf5 exf5 33. Re1 Bc8 34. Kg2 Be6 35. Kf3 Qe7 36. Ke3 Rb8 37. Kd2 Rb7 38. Kc1 Rb8 39. Ref1 Rb7 40. f3 Rc7 41. Qf4 Qd8 42. Qe3 Ke7 43. Qg5 Kf8 44. Rf2 Qe7 45. Qe3 Qd8 46. Rh2 Ke7 47. g4 fxg4 48. fxg4 hxg4 49. Nxg4 Qf8 50. Qg5+ Kd7 51. Nf6+ Kc6 52. Rgh1 Qh6 53. Kd2 Rcc8 54. Ke3 Qxg5+ 55. hxg5 Rhf8 56. Kf4 Kb6 57. Rh7 Kc6 58. Kg3 Rcd8 59. Ng4 Kb6 60. Rf1 Kc6 61. Nh6 Rd7 62. Rf6 Re7 63. Rg7 Kd7 64. Rh7 Ke8 65. Rf4 Rd7 66. Rg7 Re7 67. Ng8 Rc7 68. Nf6+ Ke7 69. Rh4 Rcc8 70. Rgh7 Rb8 71. Kf4 Rbd8 72. Ke3 Rb8 73. Ng4 Bxg4 74. Rxg4 Rb6 75. Rf4 Re6 76. Kf3 Ke8 77. Kg4 Ke7 78. Rf3 Ke8 79. Rf4 Ke7 80. Rh2 Ke8 81. Rf3 Ke7 82. Rfh3 Ke8 83. Rh8 Ke7 84. Rxf8 Kxf8 85. Rh8+ Kg7 86. Rd8 Re7 87. Rxd5 Re8 88. Rd7 Rh8 89. e6 Rh2 90. Rxf7+ Kg8 91. Rb7 Rxb2 92. Rb8+ Kg7 93. e7 Re2 94. e8=Q 1-0


[Site "https://www.chess.com"]